 Dungeon Crawl Stone Soup version 0.30-a0-149-g7f746667c4 (webtiles) character file.

Game seed: 9323644459823292572

225 Flugkiller the Cudgeller (level 5, 0/42 HPs)
             Began as a Mummy Wanderer on Sept 26, 2022.
             Was an Initiate of Cheibriados.
             Slain by Ijyb
             ... wielding a +4 club
              (6 damage)
             ... on level 4 of the Dungeon.
             The game lasted 00:02:51 (4770 turns).

Flugkiller the Cudgeller (Mummy Wanderer)           Turns: 4770, Time: 00:02:52

Health: 0/42       AC: 10    Str: 22    XL:     5   Next: 68%
Magic:  5/5        EV:  7    Int:  9    God:    Cheibriados [......]
Gold:   280        SH:  0    Dex: 12    Spells: 4/4 levels left

rFire   . . .      SeeInvis .    a - +2 mace
rCold   . . .      Faith    +    (no shield)
rNeg    + + +      Spirit   .    g - +0 chain mail
rPois   ∞          Reflect  .    c - +0 helmet
rElec   .          Harm     .    (no cloak)
rCorr   .          Rampage  .    i - +0 pair of gloves
Will    +....                    (no boots)
Stlth   ..........               (no amulet)
HPRegen 0.14/turn                d - ring of fire
MPRegen 0.09/turn                m - ring of willpower

@: about to teleport, slow
A: cold resistance 1, negative energy resistance 3, torment resistance 2, heat
vulnerability 1, in touch with death 1, no potions, faith
a: Renounce Religion


You were on level 4 of the Dungeon.
You worshipped Cheibriados.
Cheibriados was noncommittal.
You visited 1 branch of the dungeon, and saw 4 of its levels.

You collected 280 gold pieces.

Inventory:

Hand Weapons
 a - a +2 mace (weapon)
 b - a +0 hand axe
Missiles
 n - a boomerang (quivered)
Armour
 c - a +0 helmet (worn)
 e - a +0 leather armour
 g - a +0 chain mail (worn)
   (You found it on level 1 of the Dungeon)
 i - a +0 pair of gloves (worn)
   (You found it on level 2 of the Dungeon)
Jewellery
 d - a ring of fire (left hand)
   (You found it on level 1 of the Dungeon)
 h - a ring of magical power
   (You found it on level 2 of the Dungeon)
 m - a ring of willpower (right hand)
   (You found it on level 2 of the Dungeon)
Scrolls
 f - 4 scrolls of identify {unknown}
 j - a scroll of vulnerability {unknown}
 k - 5 scrolls of magic mapping {unknown}
 l - a scroll of butterflies {unknown}
 o - a scroll of enchant armour {unknown}
 p - a scroll of immolation {unknown}
 t - 2 scrolls of teleportation


   Skills:
 + Level 3.8 Fighting
 - Level 1.0(2.7) Axes
 + Level 4.1(4.2) Maces & Flails
 + Level 0.0 Armour
 - Level 2.4 Stealth
 - Level 2.4 Evocations


You had 4 spell levels left.
You didn't know any spells.
Your spell library contained the following spells:

 Spells                   Type           Power      Damage    Failure   Level
 Apportation              Tloc           0%         N/A       99%         1
 Alistair's Intoxication  Tmut/Pois      0%         N/A       100%        5


Dungeon Overview and Level Annotations

Branches:
Dungeon (4/15) Zot: 28870
 Temple: D:4-7

Altars:
Cheibriados
Vehumet

Annotations:
D:4 Ijyb


Innate Abilities, Weirdness & Mutations

You are immune to poison.
Your flesh is cold resistant. (rC+)
You are immune to negative energy. (rN+++)
You are immune to unholy pain and torment.
You are vulnerable to heat. (rF-)
You are in touch with the powers of death.
You do not drink.
You have a special connection with the divine. (Faith)


Message History

Cheibriados begins to support your attributes as your movement slows.
Cheibriados is now slowing the effects of poison on you.
You now have 280 gold pieces (gained 15).
p - a scroll labelled EHU OTHROIL
Found a radiant altar of Vehumet.
k - 5 scrolls labelled BUMAYW CITAI (gained 3)
Found a stone staircase leading up.
You open the door.
There is an open door here.
You open the door.
There is an open door here.
You open the door.
There is an open door here.
As you open the door, it creaks loudly!
You hear a shout! x2
A gnoll comes into view. It is wielding a +0 spear.
There is an open door here.
A gnoll is nearby!
A gnoll is nearby!
There is an open door here.
There is an open door here.
The gnoll hits you but does no damage. x2
There is an open door here.
The gnoll hits you with a +0 spear!
You hit the gnoll.
The gnoll is lightly wounded.
The gnoll barely misses you.
You closely miss the gnoll.
The gnoll is lightly wounded.
The gnoll hits you with a +0 spear.
You hit the gnoll.
The gnoll is severely wounded.
The gnoll hits you with a +0 spear. x2
You are too injured to fight recklessly!
You hit the gnoll.
You kill the gnoll!
Cheibriados thoroughly appreciates the change of pace.
You see here a +0 spear.
You start resting.
HP restored.
There is an open door here.
You open the door.
There is an open door here.
You open the door.
There is an open door here.
A hobgoblin comes into view.
The hobgoblin shouts!
A hobgoblin is nearby!
A hobgoblin is nearby!
The hobgoblin completely misses you.
You hit the hobgoblin.
You kill the hobgoblin!
Cheibriados appreciates the change of pace.
No target in view!
You open the door.
There is an open door here.
An orc comes into view. It is wielding a +0 club.
An orc is nearby!
An orc is nearby!
The orc shouts!
Ijyb the Twisted Goblin comes into view.
She is wielding a +4 club and carrying a wand of flame (17).
The orc throws a boomerang.
The boomerang closely misses you.
Ijyb shouts!
Ijyb zaps a wand.
The puff of flame hits you!
You closely miss the orc. The orc hits you but does no damage.
You barely miss the orc. The orc hits you but does no damage.
You sock the orc!
You kill the orc!
Cheibriados appreciates the change of pace.
You closely miss Ijyb.
Ijyb zaps a wand.
The puff of flame hits you but does no damage.
You barely miss Ijyb. Ijyb hits you with a +4 club.
Ijyb zaps a wand.
The puff of flame hits you.
You barely miss Ijyb. Ijyb hits you with a +4 club.
You hit Ijyb.
Ijyb is lightly wounded.
Ijyb hits you but does no damage.
You closely miss Ijyb.
Ijyb is lightly wounded.
Ijyb zaps a wand.
The puff of flame hits you but does no damage.
You barely miss Ijyb.
Ijyb is lightly wounded.
Ijyb barely misses you.
You barely miss Ijyb.
Ijyb is lightly wounded.
Ijyb hits you with a +4 club.
Ijyb zaps a wand.
The puff of flame hits you!
You hit Ijyb but do no damage.
Ijyb is lightly wounded.
Ijyb hits you with a +4 club.
* * * LOW HITPOINT WARNING * * *
You can't drink.
Unknown command.
As you read the scroll of teleportation, it crumbles to dust.
You feel strangely unstable. Ijyb hits you with a +4 club.
* * * LOW HITPOINT WARNING * * *
Unknown command.
You closely miss Ijyb.
Ijyb is lightly wounded.
Ijyb hits you with a +4 club.
You die...

#.....#......#.....#.....##
......#......#.....#......#
......#......#.....########
.###'##......'............#
.#....'......#............#
.#..).#......#............#
.#....#......#............#
.#...###.....#............#
.#...###.....#..@.........#
.#...........####g#.......#
#...........# ..'.......#
#...........# ...#.......#
#...........#..o.#........
#....##.....##...#........
#######.....##'###.......
#......#.. ... #......#


You could see Ijyb.

Vanquished Creatures
  2 orc priests (D:3)
  An iguana (D:4)
  4 adders
  A gnoll (D:4)
  A worm (D:3)
  A dart slug (D:2)
  8 orcs
  9 ball pythons
  11 endoplasms
  A giant cockroach (D:2)
  8 goblins
  2 hobgoblins
  4 jackals (D:4)
  4 quokkas
  8 bats
  4 frilled lizards
  7 kobolds
  7 rats
83 creatures vanquished.

Notes
Turn   | Place    | Note
-------+----------+-------------------------------------------
     0 | D:1      | Flugkiller the Mummy Wanderer began the quest for the Orb.
     0 | D:1      | Flugkiller set off with the following items: a +2 mace, a
                  | +0 hand axe, a +0 helmet, a +0 leather armour, a scroll of
                  | teleportation.
     0 | D:1      | Reached XP level 1. HP: 13/13 MP: 1/1
   205 | D:1      | Reached skill level 1 in Fighting
   226 | D:1      | Reached XP level 2. HP: 17/21 MP: 2/2
   597 | D:1      | Found a faded altar of an unknown god.
   978 | D:2      | Reached skill level 3 in Maces & Flails
   978 | D:2      | Gained mutation: You are in touch with the powers of death.
                  | [Mummy growth]
   978 | D:2      | Reached XP level 3. HP: 24/27 MP: 3/3
  2063 | D:2      | Reached XP level 4. HP: 24/34 MP: 4/4
  3483 | D:3      | Reached XP level 5. HP: 19/41 MP: 5/5
  4346 | D:4      | Reached skill level 4 in Maces & Flails
  4442 | D:4      | Found a snail-covered altar of Cheibriados.
  4462 | D:4      | Became a worshipper of Cheibriados the Contemplative
  4486 | D:4      | Found a radiant altar of Vehumet.
  4754 | D:4      | Noticed Ijyb
  4770 | D:4      | Slain by Ijyb

Illustrated notes

Levels and vault maps discovered:
D:1:      dpeg_arrival_tiny_d, layout_basic, ebering_ecumenical_altar_rust,
          chequers_serial_rivers_micro_b
D:2:      layout_basic, minmay_cut_off
D:3:      layout_loops_ring
D:4:      layout_gridville, mainiacjoe_overflow_large_starburst, uniq_ijyb

Skill      XL: |  1  2  3  4  5 |
---------------+----------------+-----
Fighting       | 1 2 3 |  3.8
Maces & Flails | 3 4 |  4.1
Axes           | |  1.0
Stealth        | |  2.4
Evocations     | |  2.4

Action                   |  1- 3 |  4- 6 || total
-------------------------+-------+-------++-------
Melee: Mace              |   112 |   119 ||   231
       Punch             |     3 |     1 ||     4
Throw: Boomerang         |       |     3 ||     3
  Use: Scroll            |       |     1 ||     1
 Stab: Sleeping          |     1 |       ||     1
Armor: Leather armour    |    17 |       ||    17
       Chain mail        |    66 |    91 ||   157
Dodge: Dodged            |    52 |    60 ||   112

Table legend: (Time is in decaauts)
 A = Elapsed time spent in this place.
 B = Non-inter-level travel time spent in this place.
 C = Inter-level travel time spent in this place.
 D = Time resting spent in this place.
 E = Time spent auto-exploring this place.
 F = Levels seen in this place.
 G = Mean time per level.
                   A        B        C        D        E       F      G
               +--------+--------+--------+--------+--------+-----+--------+
         Total |   4868 |   4800 |     68 |   1680 |   2417 |   4 | 1217.0 |
       Dungeon |   4868 |   4800 |     68 |   1680 |   2417 |   4 | 1217.0 |
               +--------+--------+--------+--------+--------+-----+--------+

Top non-repeatable levels by time:
     D:2: 2009 daAuts
     D:3: 1381 daAuts
     D:1: 935 daAuts
     D:4: 542 daAuts
